 Seeded DCSS version 0.30.1-11-g7821555f0a (webtiles) character file.

Game seed: 5 (custom seed)

2664 Kazon the Cleaver (level 9, -19/77 HPs)
             Began as a Hill Orc Monk on Oct 31, 2023.
             Was an Elder of Beogh.
             Demolished by a two-headed ogre
             ... wielding a +0 giant spiked club
              (26 damage)
             ... on level 7 of the Dungeon on Nov 1, 2023.
             The game lasted 00:22:36 (4726 turns).

Kazon the Cleaver (Hill Orc Monk)                   Turns: 4726, Time: 00:22:37

Health: -19/77     AC: 16    Str: 18    XL:     9   Next: 63%
Magic:  0/20       EV:  6    Int: 10    God:    Beogh [****..]
Gold:   378        SH:  0    Dex: 19    Spells: 8/8 levels left

rFire   . . .        f - +0 hand axe (flame)
rCold   . . .        d - orb {light}
rNeg    . . .        e - +3 plate armour of Trial and Error {+Blink Regen+}
rPois   .            k - +0 helmet
rElec   .            (no cloak)
rCorr   .            (no gloves)
SInv    .            (no boots)
Will    .....        D - amulet of guardian spirit Stlth
                     q - ring of magical power
HPRegen 1.12/turn    x - +6 ring of dexterity
MPRegen 0.17/turn

%: guardian spirit
@: glowing
A: no striking features
a: Renounce Religion, Evoke Blink, Smiting, Recall Orcish Followers


You were on level 7 of the Dungeon.
You worshipped Beogh.
Beogh was greatly pleased with you.
You visited 1 branch of the dungeon, and saw 7 of its levels.
You also visited: Ossuary.

You collected 378 gold pieces.

Inventory:

Hand Weapons
 a - a +0 hand axe
 f - a +0 hand axe of flaming (weapon)
 r - a +2 vampiric dagger
 v - a +0 vampiric hand axe
Missiles
 l - 3 boomerangs (quivered)
 F - 9 poisoned darts
Armour
 d - an orb of light (worn)
 e - the +3 plate armour of Trial and Error (worn) {+Blink Regen+}
   (You acquired it on level 1 of the Dungeon)

   +Blink:    It lets you blink.
   Regen:     It increases your rate of health regeneration.
 i - a +0 tower shield
 k - a +0 helmet (worn)
Jewellery
 q - a ring of magical power (left hand)
 x - a +6 ring of dexterity (right hand)
 D - an amulet of guardian spirit (around neck)
Wands
 A - a wand of paralysis (7)
Scrolls
 g - a scroll of fog {unknown}
 m - a scroll of blinking {unknown}
 o - 5 scrolls of identify {unknown}
 p - 2 scrolls of magic mapping {unknown}
 s - 2 scrolls of summoning {unknown}
 t - 2 scrolls of teleportation {unknown}
 y - a scroll of torment {unknown}
 B - a scroll of amnesia {unknown}
 E - a scroll of poison {unknown}
 G - a scroll of enchant armour {unknown}
 H - 2 scrolls of fear {unknown}
 K - a scroll of enchant weapon {unknown}
Potions
 b - 2 potions of invisibility {unknown}
 c - a potion of ambrosia
 h - a potion of resistance {unknown}
 j - 5 potions of curing {unknown}
 n - 5 potions of flight {unknown}
 u - 2 potions of berserk rage {unknown}
 w - 4 potions of heal wounds {unknown}
 z - a potion of lignification {unknown}
 C - 4 potions of attraction {unknown}
 I - a potion of haste {unknown}
 J - 2 potions of brilliance {unknown}
 L - a potion of magic


   Skills:
 + Level 6.3 Fighting
 + Level 2.2(2.3) Short Blades
 * Level 0.8(1.7) Long Blades
 + Level 9.6 Axes
 + Level 2.2 Throwing
 + Level 4.6 Armour
 + Level 2.8 Dodging
 + Level 5.0 Shields
 * Level 3.7 Invocations
 * Level 5.1 Evocations


You had 8 spell levels left.
You didn't know any spells.
Your spell library contained the following spells:

 Spells                   Type           Power      Damage    Failure   Level
 Frozen Ramparts          Ice            0%         1d1       100%        3
 Ignite Poison            Fire/Tmut/Pois 0%         N/A       100%        3
 Ice Form                 Ice/Tmut       0%         N/A       100%        4
 Sticky Flame             Conj/Fire      0%         2d3       100%        4
 Summon Ice Beast         Ice/Summ       0%         N/A       100%        4
 Summon Forest            Summ/Tloc      0%         N/A       100%        5
 Eringya's Noxious Bog    Tmut/Pois      0%         N/A       100%        6
 Summon Hydra             Summ           0%         N/A       100%        7
 Ignition                 Fire           0%         3d3       100%        8


Dungeon Overview and Level Annotations

Branches:
Dungeon (7/15)             Temple (0/1) D:4         Ossuary (visited)

Altars:
Dithmenos
Fedhas
Hepliaklqana
Qazlal
Xom


Message History

The two-headed ogre is moderately wounded.
The two-headed ogre hits you with a +0 giant spiked club!
The two-headed ogre hits you with a +0 giant club.
You completely miss the two-headed ogre.
The two-headed ogre is moderately wounded.
You hit the two-headed ogre but do no damage.
The two-headed ogre is moderately wounded.
The two-headed ogre barely misses you.
The two-headed ogre hits you but does no damage.
You hit the two-headed ogre. You burn the two-headed ogre.
The two-headed ogre is heavily wounded.
You hit the two-headed ogre but do no damage.
The two-headed ogre is heavily wounded.
The two-headed ogre hits you with a +0 giant spiked club!
The two-headed ogre barely misses you.
You hit the two-headed ogre. You burn the two-headed ogre.
The two-headed ogre is heavily wounded.
The two-headed ogre hits you with a +0 giant spiked club!
The two-headed ogre hits you but does no damage.
You slash the two-headed ogre! You burn the two-headed ogre.
The two-headed ogre is severely wounded.
You hit the two-headed ogre but do no damage.
The two-headed ogre is severely wounded.
The two-headed ogre hits you with a +0 giant spiked club!
* * * LOW HITPOINT WARNING * * *
The two-headed ogre hits you with a +0 giant club!
* * * LOW HITPOINT WARNING * * *
You hit the two-headed ogre but do no damage.
The two-headed ogre is severely wounded.
You hit the two-headed ogre but do no damage.
The two-headed ogre is severely wounded.
The two-headed ogre hits you with a +0 giant spiked club!
* * * LOW HITPOINT WARNING * * *
The two-headed ogre barely misses you.
You hit the two-headed ogre but do no damage.
The two-headed ogre is severely wounded.
You slash the two-headed ogre! You burn the two-headed ogre.
The two-headed ogre is almost dead.
The two-headed ogre hits you with a +0 giant spiked club!!
You die...

#.. #.# .# #.# .# #.# .#
#.# .# #.# .# #####.##.#
#.# #####.....##O######..
######..........@.........
.......###.######.#.####.#
######## #.# ##.#.# #.#
#.# ##....# #.# #.#
#.....# #.# ####.# #.....#
##.## #....#
#..<..###...## # #.####
#....###.#.#.## ## #.#
#....##.##.##.#####


You could see a two-headed ogre.

Vanquished Creatures
  Sigmund (D:4)
  Duvessa (D:6)
  A water moccasin (D:6)
  A sky beast (D:7)
  2 black bears (D:4)
  2 centaurs
  An ogre (D:5)
  An elf zombie (Ossuary)
  A kobold brigand (D:7)
  3 scorpions
  5 wights (D:7)
  4 killer bees (D:7)
  Dowan (D:6)
  A vampire bat (D:7)
  5 hounds
  A centaur zombie (Ossuary)
  3 human zombies (Ossuary)
  A jelly (D:5)
  An orc priest (D:6)
  2 orc wizards (D:6)
  5 iguanas
  4 ogre zombies (Ossuary)
  7 mummies (Ossuary)
  4 gnolls (D:5)
  9 adders
  2 ufetubi
  A worm zombie (D:7)
  2 adder zombies (Ossuary)
  3 worms
  14 orcs
  12 bats
  9 endoplasms
  A giant cockroach (D:1)
  12 goblins
  7 hobgoblins
  11 jackals
  10 kobolds
  3 quokkas (D:4)
  6 ball pythons
  3 frilled lizards
  4 goblin zombies (Ossuary)
  6 hobgoblin zombies
  3 kobold zombies
  4 quokka zombies (Ossuary)
  4 rats
  4 rat zombies (Ossuary)
188 creatures vanquished.

Vanquished Creatures (others)
  2 orc priests (D:6)
  An iguana (D:6)
  2 orc wizards (D:6)
  An orc (D:6)
6 creatures vanquished.

Grand Total: 194 creatures vanquished

Notes
Turn   | Place    | Note
-------+----------+-------------------------------------------
     0 | D:1      | Kazon the Hill Orc Monk began the quest for the Orb.
     0 | D:1      | Reached XP level 1. HP: 19/19 MP: 1/1
    45 | D:1      | Identified a scroll of acquirement
    45 | D:1      | Acquired the +3 plate armour of Trial and Error {+Blink
                  | Regen+}
   106 | D:1      | Reached XP level 2. HP: 27/27 MP: 2/2
   416 | D:1      | Reached XP level 3. HP: 33/33 MP: 3/3
   850 | D:2      | Reached skill level 1 in Evocations
   931 | D:2      | Reached XP level 4. HP: 34/40 MP: 4/4
  1298 | D:2      | Reached skill level 1 in Shields
  1662 | D:3      | Found a blossoming altar of Fedhas.
  1676 | D:3      | Reached skill level 5 in Axes
  1676 | D:3      | Reached XP level 5. HP: 45/47 MP: 5/5
  1743 | D:3      | Found a stormy altar of Qazlal.
  1888 | D:3      | Found a faded altar of an unknown god.
  2039 | D:3      | Identified the +2 sling "Qeuhanocyt" {speed, rElec Str-3
                  | Dex+2}
  2106 | D:4      | Reached skill level 1 in Armour
  2152 | D:4      | Noticed a black bear
  2170 | D:4      | Killed a black bear
  2171 | D:4      | Reached skill level 1 in Short Blades
  2171 | D:4      | Reached XP level 6. HP: 33/53 MP: 6/6
  2180 | D:4      | Found a hazy altar of Hepliaklqana.
  2182 | D:4      | Found a shadowy altar of Dithmenos.
  2182 | D:4      | Noticed a shadow
  2223 | D:4      | Noticed Sigmund
  2232 | D:4      | Killed Sigmund
  2233 | D:4      | Reached skill level 6 in Axes
  2233 | D:4      | Reached XP level 7. HP: 57/60 MP: 7/7
  2451 | D:4      | Found a staircase to the Ecumenical Temple.
  2920 | D:5      | Entered Level 5 of the Dungeon
  2928 | D:5      | Reached skill level 1 in Throwing
  2973 | D:5      | Reached skill level 5 in Fighting
  3156 | D:5      | Reached skill level 7 in Axes
  3156 | D:5      | Reached XP level 8. HP: 14/68 MP: 2/8
  3421 | D:6      | Noticed Dowan
  3424 | D:6      | Noticed Duvessa
  3442 | D:6      | Killed Duvessa
  3445 | D:6      | Killed Dowan
  3534 | D:6      | Became a worshipper of Beogh the Brigand
  3534 | D:6      | Reached * piety under Beogh
  3534 | D:6      | Reached ** piety under Beogh
  3541 | D:6      | Found a shimmering altar of Xom.
  3691 | D:6      | Reached skill level 1 in Invocations
  3871 | D:7      | Reached skill level 8 in Axes
  3903 | D:7      | Reached XP level 9. HP: 74/74 MP: 10/10
  3971 | D:7      | Found a sand-covered staircase.
  3992 | Ossuary  | Entered an ossuary
  4001 | Ossuary  | Reached *** piety under Beogh
  4027 | Ossuary  | Reached skill level 9 in Axes
  4384 | Ossuary  | Reached skill level 5 in Shields
  4533 | D:7      | Reached **** piety under Beogh
  4581 | D:7      | Reached skill level 5 in Evocations
  4709 | D:7      | Noticed a two-headed ogre
  4726 | D:7      | Demolished by a two-headed ogre

Illustrated notes

Levels and vault maps discovered:
D:1:      ebering_trefoil_3fold, layout_basic, st_stairs_14, serial_bayou_ford_a
D:2:      layout_basic, hangedman_decor_growths, minmay_close_crescents
D:3:      layout_rooms, mainiacjoe_overflow_concentric_impassable,
          mainiacjoe_overflow_paths, shapermc_ecumenical_altar_acropolis,
          chequers_serial_rivers_micro_b
D:4:      layout_basic, riverfiend_overflow_shadow_ancestor,
          minmay_temple_entry_glass, uniq_sigmund
D:5:      layout_gridville
D:6:      layout_basic, xom_teletrap_fun, uniq_duvessa
D:7:      layout_loops_ring, enter_ossuary_3, roderic_batcave

Skill      XL: |  1  2  3  4  5  6  7  8  9 |
---------------+----------------------------+-----
Fighting       | 4 5 6 |  6.3
Evocations     | 1 2 3 4 5 |  5.1
Shields        | 1 2 3 4 5 |  5.0
Axes           | 5 6 7 8 9 |  9.6
Armour         | 1 2 4 |  4.6
Short Blades   | 1 2 |  2.2
Throwing       | 1 2 |  2.2
Invocations    | 2 3 |  3.7
Long Blades    | |  0.8
Dodging        | |  2.8

Action                     |  1- 3 |  4- 6 |  7- 9 || total
---------------------------+-------+-------+-------++-------
  Melee: Hand axe          |   102 |   147 |   472 ||   721
  Throw: Stone             |       |    13 |     3 ||    16
         Dart              |       |     2 |    18 ||    20
         Boomerang         |       |       |    34 ||    34
 Invoke: Convert to Beogh  |       |       |     1 ||     1
  Evoke: Wand              |       |       |     1 ||     1
    Use: Scroll            |     2 |       |       ||     2
         Potion            |     1 |       |       ||     1
 Armour: Robe              |     3 |       |       ||     3
         Plate armour      |    61 |    99 |   272 ||   432
  Dodge: Dodged            |    19 |    29 |   122 ||   170
